 Dungeon Crawl Stone Soup version 0.28.0 (webtiles) character file.

Game seed: 1488601931136624693

77 Jaqob the Skirmisher (level 4, -3/41 HPs)
             Began as a Hill Orc Fighter on Feb 15, 2022.
             Slain by a gnoll (5 damage)
             ... on level 3 of the Dungeon.
             The game lasted 00:03:19 (2194 turns).

Jaqob the Skirmisher (Hill Orc Fighter)             Turns: 2194, Time: 00:03:19

Health: -3/41      AC:  8    Str: 20    XL:     4   Next: 34%
Magic:  4/4        EV:  9    Int:  8    God:
Gold:   119        SH:  4    Dex: 10    Spells: 3/3 levels left

rFire   . . .      SeeInvis .   a - +0 long sword
rCold   . . .      Faith    .   c - +0 buckler
rNeg    . . .      Spirit   .   b - +0 scale mail
rPois   .          Reflect  .   (no helmet)
rElec   .          Harm     .   m - +0 cloak
rCorr   .          Rampage  .   (no gloves)
Will    .....                   (no boots)
Stlth   ..........              (no amulet)
HPRegen 0.13/turn               (no ring)
MPRegen 0.09/turn               (no ring)

@: mighty
A: no striking features
a: no special abilities


You were on level 3 of the Dungeon.
You visited 1 branch of the dungeon, and saw 3 of its levels.

You collected 119 gold pieces.

Inventory:

Hand Weapons
 a - a +0 long sword (weapon)
Armour
 b - a +0 scale mail (worn)
 c - a +0 buckler (worn)
 h - a +0 leather armour of fire resistance
 m - a +0 cloak (worn)
Jewellery
 f - an amulet of faith
Scrolls
 g - a scroll of amnesia {unknown}
 i - a scroll of identify {unknown}
 j - a scroll of teleportation {unknown}
 l - a scroll of holy word {unknown}
 n - a scroll of acquirement {unknown}
Potions
 d - a potion of might
 e - a potion of curing {unknown}
 k - a potion of flight {unknown}


   Skills:
 + Level 4.3 Fighting
 + Level 3.0 Long Blades
 + Level 4.0 Armour
 + Level 3.9 Shields


You had 3 spell levels left.
You didn't know any spells.
Your spell library contained the following spells:

 Spells                   Type           Power      Damage    Failure   Level
 Dazzling Flash           Conj/Hex       0%         N/A       99%         3
 Iskenderun's Mystic Bla  Conj/Tloc      0%         2d3       100%        4
 Starburst                Conj/Fire      0%         6d3       100%        6


Dungeon Overview and Level Annotations

Branches:
Dungeon (3/15)

Altars:

Shops:
D:2 (


Message History

You hit the gnoll but do no damage.
The gnoll is almost dead.
The gnoll completely misses you.
The gnoll hits you from afar with a +0 halberd.
The gnoll hits you with a +0 whip.
You are too injured to fight recklessly!
You are too injured to fight recklessly!
You are too injured to fight recklessly!
You are too injured to fight recklessly!
You are too injured to fight recklessly!
You are too injured to fight recklessly!
You are too injured to fight recklessly!
You are too injured to fight recklessly!
You are too injured to fight recklessly!
You are too injured to fight recklessly!
You are too injured to fight recklessly!
You are too injured to fight recklessly!
You are too injured to fight recklessly!
You slash the gnoll!
The gnoll is almost dead.
An adder comes into view.
The gnoll misses you.
The gnoll hits you from afar with a +0 halberd!
* * * LOW HITPOINT WARNING * * *
The gnoll closely misses you.
The adder hisses angrily.
The gnoll hits you with a +0 club.
* * * LOW HITPOINT WARNING * * *
You block the gnoll's attack. The gnoll hits you with a +0 club.
* * * LOW HITPOINT WARNING * * *
The gnoll barely misses you. The gnoll barely misses you.
You feel very mighty all of a sudden. The gnoll barely misses you.
The gnoll hits you with a +0 club.
* * * LOW HITPOINT WARNING * * *
You slash the gnoll!
You kill the gnoll!
The gnoll hits you from afar with a +0 halberd.
You die...

.P ##.# # ###
##...## #.####
#.. .......
#.....##.##.#...#
.......#....#..#
..........###..#
.........gg)@<.#
#........S####.#
#.....[..## ...
#.......## ..##
......S.. ..#
........# ..#
........# #.#
........# ..
........#


You could see 2 gnolls and an adder.

Vanquished Creatures
  Jessica (D:2)
  A gnoll (D:3)
  A worm (D:2)
  A dart slug (D:1)
  9 goblins
  4 hobgoblins
  4 jackals (D:1)
  7 kobolds
  A quokka (D:1)
  6 ball pythons
  A bat (D:1)
  4 frilled lizards
  5 rats
45 creatures vanquished.

Vanquished Creatures (others)
  A bat (D:3)
1 creature vanquished.

Grand Total: 46 creatures vanquished

Notes
Turn   | Place    | Note
-------+----------+-------------------------------------------
     0 | D:1      | Jaqob the Hill Orc Fighter began the quest for the Orb.
     0 | D:1      | Reached XP level 1. HP: 19/19 MP: 1/1
   115 | D:1      | Reached XP level 2. HP: 20/27 MP: 2/2
   924 | D:1      | Reached XP level 3. HP: 33/33 MP: 3/3
  1272 | D:2      | Found Vayv's Weapon Shop.
  1443 | D:2      | Found a faded altar of an unknown god.
  1533 | D:2      | Noticed Jessica
  1541 | D:2      | Killed Jessica
  1542 | D:2      | Reached XP level 4. HP: 37/40 MP: 4/4
  2193 | D:3      | HP: 2/41 [gnoll (4)]
  2194 | D:3      | Slain by a gnoll

Illustrated notes

Levels and vault maps discovered:
D:1:      evilmike_arrival_fibonacci_small, layout_loops_corners, minivault_24,
          minmay_pentomino_q2
D:2:      layout_loops_cross, ebering_ecumenical_altar_ruins, serial_shops,
          nicolae_shop_statue_plus, uniq_jessica
D:3:      cheibrodos_old_hovel, layout_rooms, elyvilon_altar_4,
          trog_butcher_becter

Skill      XL: |  1  2  3  4 |
---------------+-------------+-----
Fighting       | 4 |  4.3
Long Blades    | 3 |  3.0
Armour         | 4 |  4.0
Shields        | |  3.9

Action                   |  1- 3 |  4- 6 || total
-------------------------+-------+-------++-------
Melee: Long sword        |   103 |    29 ||   132
  Use: Potion            |       |     1 ||     1
Armor: Scale mail        |    40 |     7 ||    47
Dodge: Dodged            |    47 |    19 ||    66
Block: Buckler           |    17 |     5 ||    22
